 Dungeon Crawl Stone Soup version 0.27.0-1-g7a089689b8 (webtiles) character file.

Game seed: 9569537462087994863

917 wakim the Destroyer (level 7, -3/36 HPs)
             Began as a Deep Elf Conjurer on Aug 4, 2021.
             Was an Initiate of Sif Muna.
             Slain by Duvessa (18 damage)
             ... on level 5 of the Dungeon.
             The game lasted 00:14:21 (5245 turns).

wakim the Destroyer (Deep Elf Conjurer)             Turns: 5245, Time: 00:14:21

Health: -3/36      AC:  7    Str:  6    XL:     7   Next: 83%
Magic:  2/15       EV: 15    Int: 23    God:    Sif Muna [......]
Gold:   145        SH:  0    Dex: 13    Spells: 3/14 levels left

rFire    . . .     SeeInvis .   a - +5 short sword
rCold    . . .     Faith    .   (no shield)
rNeg     . . .     Spirit   .   o - +2 animal skin
rPois    .         Reflect  .   d - +0 helmet
rElec    .         Harm     .   (no cloak)
rCorr    .         Rampage  .   (no gloves)
Will     .....                  n - +1 pair of boots
Stlth    ++........             (no amulet)
HPRegen  0.12/turn              (no ring)
MPRegen  0.14/turn              (no ring)

@: no status effects
A: no striking features
a: Renounce Religion


You were on level 5 of the Dungeon.
You worshipped Sif Muna.
Sif Muna was noncommittal.
You visited 1 branch of the dungeon, and saw 5 of its levels.

You collected 145 gold pieces.

Inventory:

Hand Weapons
 a - a +5 short sword (weapon)
Armour
 d - a +0 helmet (worn)
 n - a +1 pair of boots (worn)
 o - a +2 animal skin (worn)
Wands
 v - a wand of flame (29)
 y - a wand of paralysis (16)
Scrolls
 V - 2 scrolls of vulnerability {!r!r}
Potions
 b - a potion of mutation {unknown}
 c - 2 potions of magic {unknown}
 e - a potion of lignification {unknown}
 h - a potion of haste {unknown}
 i - a potion of curing {unknown}
 k - a potion of berserk rage {unknown}
 l - a potion of heal wounds {unknown}
 B - 2 potions of attraction {!q}


   Skills:
 + Level 7.3 Dodging
 - Level 2.4 Stealth
 - Level 4.0 Spellcasting
 - Level 8.0 Conjurations
 - Level 3.0 Hexes


You had 3 spell levels left.
You knew the following spells:

 Your Spells              Type           Power      Damage    Failure   Level
a - Magic Dart            Conj           100%       1d8       1%          1
s - Searing Ray           Conj           82%        3d6       1%          2
x - Iskenderun's Mystic   Conj/Tloc      23%        2d6       21%         4
z - Fulminant Prism       Conj/Hex       14%        3d9       11%         4

Your spell library contained the following spells:

 Spells                   Type           Power      Damage    Failure   Level
 Dazzling Flash           Conj/Hex       58%        N/A       3%          3
 Gell's Gravitas          Tloc           2%         N/A       30%         3
 Lesser Beckoning         Tloc           2%         N/A       30%         3
 Teleport Other           Tloc           4%         N/A       30%         3


Dungeon Overview and Level Annotations

Branches:
Dungeon (5/15)
 Temple: D:4-7

Altars:
Ashenzari
Gozag
Qazlal
Sif Muna

Annotations:
D:5 Dowan, Duvessa


Message History

Dowan, Brother of Duvessa comes into view.
He is wielding a +6 dagger of venom.
The killer bee completely misses you.
Duvessa drinks a potion.
Duvessa seems to grow stronger.
The searing ray misses the killer bee.
The searing ray hits Duvessa.
Duvessa is heavily wounded.
You finish channeling your searing ray.
The killer bee stings you!
You are poisoned.
The killer bee poisons you! The killer bee closely misses you.
Okay, then.
You can't go up here!
Okay, then.
Okay, then.
You feel sick. The killer bee barely misses you.
You feel sick. The killer bee misses you.
You feel sick. The killer bee barely misses you.
You feel sick. The killer bee stings you!
* * * LOW HITPOINT WARNING * * *
Duvessa gestures with her weapon.
You feel sick. The killer bee barely misses you.
You feel sick. The killer bee barely misses you.
You feel sick. The killer bee misses you.
You feel sick.
You are no longer poisoned.
The killer bee barely misses you.
The killer bee stings you but does no damage.
The killer bee stings you but does no damage.
Casting: Searing Ray (safe; 1% risk of failure)
Confirm with . or Enter, or press ? or * to list all spells.
Aiming: Searing Ray (safe; 1% risk of failure)
Press: ? - help, Shift-Dir - straight line, f - killer bee
Aim: a killer bee (almost dead, 63% to hit)
The searing ray hits the killer bee!
You kill the killer bee!
Sif Muna accepts your kill.
The searing ray hits Duvessa.
Duvessa is heavily wounded. (Press . to maintain the ray.) Duvessa hits you with a +2 rapier of draining!!
Ouch! That really hurt!
You die...

########
#......#
#..)...#
#..@...#
#.e....#
#......#
##......#
.........#
#..>......#
#.........#
#.........#
#.........#


You could see Duvessa (strong).

Vanquished Creatures
  Grinder (D:3)
  A water moccasin (D:5)
  3 scorpions
  A water moccasin skeleton (D:5)
  A killer bee (D:5)
  A hound (D:4)
  An iguana (D:4)
  Natasha (thrice) (D:2)
  A hound skeleton (D:4)
  Robin (D:3)
  11 adders
  A worm (D:2)
  A dart slug (D:1)
  6 orcs
  5 bats
  6 endoplasms
  2 giant cockroaches
  16 goblins
  10 hobgoblins
  2 jackals (D:4)
  9 kobolds
  A quokka (D:3)
  6 ball pythons
  2 frilled lizards (D:2)
  5 rats
97 creatures vanquished.

Vanquished Creatures (others)
  A fulminant prism (D:5)
1 creature vanquished.

Grand Total: 98 creatures vanquished

Notes
Turn   | Place    | Note
-------+----------+-------------------------------------------
     0 | D:1      | wakim the Deep Elf Conjurer began the quest for the Orb.
     0 | D:1      | Reached XP level 1. HP: 10/10 MP: 6/6
   229 | D:1      | Reached XP level 2. HP: 15/15 MP: 5/8
   254 | D:1      | Found a faded altar of an unknown god.
   294 | D:1      | Learned a level 2 spell: Searing Ray
   628 | D:1      | Reached skill level 5 in Conjurations
  1115 | D:1      | Reached XP level 3. HP: 19/19 MP: 7/9
  1502 | D:2      | Noticed Natasha
  1514 | D:2      | Killed Natasha
  1582 | D:2      | Reached XP level 4. HP: 19/24 MP: 5/10
  1730 | D:2      | Noticed Natasha
  1743 | D:2      | Learned a level 4 spell: Fulminant Prism
  1980 | D:2      | Killed Natasha
  1981 | D:2      | Reached skill level 6 in Conjurations
  1981 | D:2      | Reached skill level 1 in Hexes
  2144 | D:2      | Found a stormy altar of Qazlal.
  2262 | D:2      | Noticed Natasha
  2266 | D:2      | Killed Natasha
  2267 | D:2      | Reached XP level 5. HP: 28/28 MP: 6/12
  2656 | D:3      | Noticed Robin
  2993 | D:3      | Noticed Grinder
  2999 | D:3      | Killed Grinder
  3000 | D:3      | Reached skill level 5 in Dodging
  3000 | D:3      | Reached XP level 6. HP: 29/32 MP: 4/14
  3067 | D:3      | Found an opulent altar of Gozag.
  3145 | D:3      | Killed Robin
  3722 | D:4      | Reached skill level 7 in Conjurations
  3722 | D:4      | Reached XP level 7. HP: 36/36 MP: 9/15
  4659 | D:4      | Found a shimmering blue altar of Sif Muna.
  4928 | D:4      | Became a worshipper of Sif Muna the Loreminder
  5091 | D:5      | Entered Level 5 of the Dungeon
  5103 | D:5      | Learned a level 4 spell: Iskenderun's Mystic Blast
  5159 | D:5      | Found a broken altar of Ashenzari.
  5195 | D:5      | Reached skill level 8 in Conjurations
  5203 | D:5      | Noticed Duvessa
  5220 | D:5      | Noticed Dowan
  5245 | D:5      | Slain by Duvessa

Illustrated notes

Levels and vault maps discovered:
D:1:      evilmike_arrival_crescent, layout_basic, basic_ecumenical_altar
D:2:      layout_rooms, basic_altar, minmay_misc_feat_alley, uniq_natasha
D:3:      layout_rooms, mainiacjoe_overflow_alcove_1, grunt_ministairs_6,
          uniq_grinder, uniq_robin
D:4:      layout_loops_corners, lemuel_blue_sif_altar
D:5:      layout_gridville, zin_scriptorium,
          mainiacjoe_overflow_small_starburst, uniq_duvessa

Skill      XL: |  1  2  3  4  5  6  7 |
---------------+----------------------+-----
Dodging        | 3 4 5 7 |  7.3
Conjurations   | 5 6 7 8 |  8.0
Hexes          | 1 3 |  3.0
Spellcasting   | 4 |  4.0
Stealth        | |  2.4

Action                   |  1- 3 |  4- 6 |  7- 9 || total
-------------------------+-------+-------+-------++-------
 Cast: Magic Dart        |    34 |     5 |       ||    39
       Searing Ray       |    11 |    37 |    19 ||    67
       Fulminant Prism   |       |       |     1 ||     1
  Use: Scroll            |       |     5 |     4 ||     9
Armor: Robe              |       |    13 |       ||    13
       Animal skin       |       |     2 |     3 ||     5
Dodge: Dodged            |     4 |    20 |    21 ||    45
